 Dungeon Crawl Stone Soup version 0.23-a0-673-g3803c42f16 (webtiles) character file.

649327 EnegeticOcto the Slayer (level 26, -17/258 HPs)
             Began as a Red Draconian Abyssal Knight on Jan 9, 2019.
             Was the Champion of Lugonu.
             Collided with a stone wall (20 damage)
             ... caused by an ancient lich
             ... on level 3 of the Crypt.
             The game lasted 03:40:01 (103219 turns).

EnegeticOcto the Slayer (DrAK)                    Turns: 103219, Time: 03:40:02

Health: -17/258    AC: 24    Str: 17    XL:     26   Next: 71%
Magic:  8/41       EV: 29    Int: 16    God:    Lugonu [******]
Gold:   4253       SH: 27    Dex: 20    Spells: 5/53 levels left

rFire    + + .     SeeInvis +   w - +5 double sword (holy)
rCold    + + .     Gourm    .   r - +5 shield {AC+3}
rNeg     + + .     Faith    .   (armour unavailable)
rPois    +         Spirit   .   Z - +2 hat {SInv}
rElec    +         Reflect  +   F - +1 cloak
rCorr    .         Harm     .   O - +2 pair of gloves {Str+3}
MR       ++...                  h - +1 pair of boots of Ashenzari's Pride {rElec Int+2}
Stlth    +++.......             W - brooch of Shielding {Reflect SH+8}
HPRegen  0.53/turn              p - ring "Qeklei" {Wiz rF+ rC+ MR+ Slay+3}
MPRegen  0.27/turn              I - ring of Ecuinav {rPois rC+ rN++ Str-2 Stlth+}

@: flayed
A: breathe fire, unfitting armour, fire resistance 1, cold-blooded, AC +12
}: 5/15 runes: serpentine, barnacled, slimy, silver, abyssal
a: Breathe Fire, Depart the Abyss, Bend Space, Banish, Corrupt, Enter the Abyss,
Brand Weapon With Distortion, Renounce Religion


You were on level 3 of the Crypt.
You worshipped Lugonu.
Lugonu was exalted by your worship.
You were not hungry.

You visited 11 branches of the dungeon, and saw 53 of its levels.
You visited the Abyss 3 times.
You also visited: Sewer, Gauntlet, Ice Cave and Desolation.

You collected 7900 gold pieces.
You spent 3647 gold pieces at shops.

Inventory:

Hand Weapons
 a - the +3 Elemental Staff {rElec rF++ rC++ MR++ AC+5}
   (You found it on level 5 of the Pits of Slime)

   It affects your AC (+5).
   It greatly protects you from fire.
   It greatly protects you from cold.
   It insulates you from electricity.
   It affects your resistance to hostile enchantments.
 b - a +9 double sword of freezing
 w - a +5 double sword of holy wrath (weapon)
Missiles
 d - 910 arrows
 E - 5 throwing nets (quivered) {!f}
Armour
 h - the +1 pair of boots of Ashenzari's Pride (worn) {rElec Int+2}
   (You found it on level 1 of the Shoals)

   It affects your intelligence (+2).
   It insulates you from electricity.
 r - a +5 shield of protection (worn)
 F - a +1 cloak (worn)
 O - a +2 pair of gloves of strength (worn)
 Z - a +2 hat of see invisible (worn)
Jewellery
 l - the ring "Usutraim" {rCorr Dex+5 Stlth+}
   (You found it on level 3 of the Elven Halls)

   [ring of resist corrosion]

   It affects your dexterity (+5).
   It makes you more stealthy.
 p - the ring "Qeklei" (left hand) {Wiz rF+ rC+ MR+ Slay+3}
   (You bought it in a shop on level 4 of the Snake Pit)

   [ring of wizardry]

   It improves your spell success rate.
   It affects your accuracy and damage with ranged weapons and melee attacks
   (+3).
   It protects you from fire.
   It protects you from cold.
   It affects your resistance to hostile enchantments.
 u - the ring "Viudute" {rElec rN+++ MP+9 Dex-2 SInv}
   (You found it on level 3 of the Depths)

   [ring of see invisible]

   It affects your dexterity (-2).
   It insulates you from electricity.
   It renders you almost immune to negative energy.
   It affects your magic capacity (+9).
   It lets you see invisible.
 I - the ring of Ecuinav (right hand) {rPois rC+ rN++ Str-2 Stlth+}
   (You bought it in a shop on level 2 of the Orcish Mines)

   [ring of protection from cold]

   It affects your strength (-2).
   It protects you from cold.
   It protects you from poison.
   It greatly protects you from negative energy.
   It makes you more stealthy.
 W - the brooch of Shielding (around neck) {Reflect SH+8}
   (You bought it in a shop on level 2 of the Orcish Mines)

   [amulet of reflection]

   It shields you and reflects attacks.
   It affects your SH (+8).
Wands
 s - a wand of iceblast (8)
 y - a wand of digging (39)
 J - a wand of acid (14)
 U - a wand of clouds (7)
Scrolls
 c - a scroll of silence
 g - 42 scrolls of teleportation {@r3 !r}
 k - 8 scrolls of immolation
 q - 6 scrolls of fog
 v - a scroll of enchant armour
 C - 8 scrolls of blinking {@r4}
 D - 2 scrolls of summoning
 K - 5 scrolls of vulnerability
 L - 5 scrolls of fear
 N - 5 scrolls of magic mapping {@r5 !r}
Potions
 e - 8 potions of heal wounds {@q2}
 f - 7 potions of haste {@q4 !q}
 i - 3 potions of flight
 j - 27 potions of curing {@q1}
 m - 9 potions of brilliance
 o - 5 potions of magic
 t - 4 potions of agility {@q5 !q}
 x - 15 potions of lignification {@q6 !q}
 z - 5 potions of cancellation
 B - 4 potions of berserk rage
 H - 3 potions of ambrosia
 M - 8 potions of mutation
 Q - 3 potions of invisibility
 R - 3 potions of resistance
 V - 7 potions of might {@q3 !q}
Miscellaneous
 A - 2 boxes of beasts
 G - the horn of Geryon
 P - 4 sacks of spiders
 S - 5 phantom mirrors
 T - a phial of floods
 Y - a fan of gales
Comestibles
 n - 60 rations


   Skills:
 + Level 25.0 Fighting
 - Level 16.0 Long Blades
 + Level 18.8 Dodging
 - Level 15.0 Shields
 - Level 14.0 Spellcasting
 - Level 6.0 Summonings
 - Level 8.0 Necromancy
 - Level 7.0 Translocations
 - Level 4.0 Transmutations
 - Level 18.3 Fire Magic
 - Level 6.0 Air Magic
 - Level 7.0 Earth Magic
 - Level 18.0 Invocations


You had 5 spell levels left.
You knew the following spells:

 Your Spells              Type           Power        Failure   Level  Hunger
a - Apportation           Tloc           ####..       1%          1    None
b - Borgnjor's Vile Clut  Necr/Erth      #####.....   3%          5    ####...
c - Swiftness             Chrm/Air       ###.....     1%          2    None
d - Ignition              Fire           ######....   9%          8    #######
e - Passwall              Tmut/Erth      ####....     1%          2    None
f - Passage of Golubria   Tloc           N/A          1%          4    ##.....
g - Sticks to Snakes      Tmut           ###.....     1%          2    None
h - Blink                 Tloc           N/A          1%          2    None
i - Summon Butterflies    Summ           ####....     1%          1    None
j - Regeneration          Chrm/Necr      ###.......   1%          3    None
k - Sublimation of Blood  Necr           #####.....   1%          2    None
l - Lesser Beckoning      Tloc           ####......   1%          3    None
m - Summon Lightning Spi  Summ/Air       ####....     1%          4    ##.....
n - Fire Storm            Conj/Fire      #####.....   100%        9    #######

Your spell library contained the following spells:

 Spells                   Type           Power        Failure   Level  Hunger
 Animate Skeleton         Necr           N/A          1%          1    None
 Beastly Appendage        Tmut           ###...       1%          1    None
 Flame Tongue             Conj/Fire      #####        1%          1    None
 Sandblast                Erth           ####..       1%          1    None
 Shock                    Conj/Air       ###.         1%          1    None
 Summon Small Mammal      Summ           ####         1%          1    None
 Call Imp                 Summ           ####....     1%          2    None
 Corpse Rot               Necr           N/A          1%          2    None
 Shroud of Golubria       Chrm/Tloc      ###.......   1%          2    None
 Throw Flame              Conj/Fire      #####.       1%          2    None
 Conjure Flame            Conj/Fire      #####...     1%          3    None
 Ignite Poison            Fire/Tmut/Pois #####...     1%          3    None
 Inner Flame              Hex/Fire       #####...     1%          3    None
 Stone Arrow              Conj/Erth      ###...       1%          3    None
 Vampiric Draining        Necr           #####.....   1%          3    None
 Airstrike                Air            ####......   1%          4    ##.....
 Sticky Flame             Conj/Fire      #####...     1%          4    ##.....
 Fireball                 Conj/Fire      #####.....   1%          5    ####...
 Confusing Touch          Hex            ##....       2%          1    None
 Infusion                 Chrm           ##..         2%          1    None
 Magic Dart               Conj           ##..         2%          1    None
 Sting                    Conj/Pois      ##..         2%          1    None
 Static Discharge         Conj/Air       ###.....     2%          3    None
 Petrify                  Tmut/Erth      ####....     2%          4    ##.....
 Bolt of Magma            Conj/Fire/Erth #####.....   2%          5    ####...
 Slow                     Hex            ##......     3%          2    None
 Song of Slaying          Chrm           ##......     3%          2    None
 Mephitic Cloud           Conj/Pois/Air  ###.....     3%          3    None
 Spider Form              Tmut/Pois      ###.......   3%          3    None
 Lee's Rapid Deconstruct  Erth           ####......   4%          5    ####...
 Force Lance              Conj/Tloc      ###.....     6%          4    ##.....
 Leda's Liquefaction      Hex/Erth       ###.......   6%          4    ##.....
 Dazzling Spray           Conj/Hex       ##....       8%          3    None
 Spectral Weapon          Hex/Chrm       ##......     8%          3    None
 Tukima's Dance           Hex            ##......     8%          3    None
 Ice Form                 Ice/Tmut       ###.....     11%         4    ##.....
 Blade Hands              Tmut           ###.......   13%         5    ####...
 Bolt of Draining         Conj/Necr      ###.......   13%         5    ####...
 Lightning Bolt           Conj/Air       ###.......   19%         5    ####...
 Silence                  Hex/Air        ###.......   19%         5    ####...
 Cause Fear               Hex            ##........   24%         4    ##.....
 Olgreb's Toxic Radiance  Pois           ##......     24%         4    ##.....
 Alistair's Intoxication  Tmut/Pois      ###.....     28%         5    ####...
 Irradiate                Conj/Tmut      ###.......   28%         5    ####...
 Yara's Violent Unravell  Hex/Tmut       ###.......   28%         5    ####...
 Iskenderun's Battlesphe  Conj/Chrm      ##......     52%         5    ####...
 Metabolic Englaciation   Hex/Ice        ##........   52%         5    ####...
 Venom Bolt               Conj/Pois      ##........   52%         5    ####...
 Bolt of Fire             Conj/Fire      #####.....   9%          6    ######.
 Death Channel            Necr           #####.....   14%         6    ######.
 Statue Form              Tmut/Erth      ####.....    34%         6    ######.
 Ring of Flames           Chrm/Fire      #####.....   41%         7    #######
 Simulacrum               Ice/Necr       ###.......   54%         6    ######.
 Iron Shot                Conj/Erth      ###.......   61%         6    ######.
 Conjure Ball Lightning   Conj/Air       ###.......   69%         6    ######.
 Deflect Missiles         Chrm/Air       ###.......   69%         6    ######.
 Malign Gateway           Summ/Tloc      ####......   77%         7    #######
 Freezing Cloud           Conj/Ice/Air   ###.......   82%         6    ######.
 Monstrous Menagerie      Summ           ####......   83%         7    #######
 Summon Greater Demon     Summ           ####......   83%         7    #######
 Bolt of Cold             Conj/Ice       ##........   97%         6    ######.
 Invisibility             Hex            ##......     97%         6    ######.
 Ozocubu's Refrigeration  Ice            ##........   97%         6    ######.
 Poison Arrow             Conj/Pois      ##........   97%         6    ######.
 Spellforged Servitor     Conj/Summ      ###.......   99%         7    #######
 Orb of Destruction       Conj           ##........   100%        7    #######
 Chain Lightning          Conj/Air       ###.......   100%        8    #######
 Discord                  Hex            ##........   100%        8    #######
 Disjunction              Tloc           ####......   100%        8    #######
 Lehudib's Crystal Spear  Conj/Erth      ###.......   100%        8    #######
 Summon Horrible Things   Summ           ####......   100%        8    #######
 Glaciate                 Conj/Ice       ##........   100%        9    #######
 Shatter                  Erth           ####......   100%        9    #######
 Tornado                  Air            ####......   100%        9    #######


Dungeon Overview and Level Annotations

Branches:
Dungeon (15/15)            Temple (0/1) D:5            Lair (6/6) D:9
 Shoals (4/4) Lair:2        Snake (4/4) Lair:3        Slime (5/5) Lair:5
    Orc (2/2) D:9             Elf (3/3) Orc:2        Vaults (5/5) D:13
  Crypt (3/3) Vaults:3     Depths (5/5) D:15           Hell (1/1)
    Dis (0/7) Hell            Geh (0/7) Hell            Coc (0/7) Hell
    Tar (0/7) Hell            Zot (0/5) Depths:5
   Tomb: Crypt:3

Altars:
Elyvilon
Makhleb
Sif Muna
Vehumet
Wu Jian
Xom
Zin
The Shining One
Beogh

Shops:
D:15 !   Orc:2 [=*(   Shoals:2 *   Shoals:4 %   Snake:4 }}=   Vaults:3 !
Vaults:4 %   Vaults:5 :

Portals:
Hell: Depths:1 Depths:2 Depths:3 Depths:4 Depths:5
Abyss: Depths:4
Pandemonium: Depths:3
Ziggurat: Depths:4

Annotations:
D:12 3 runed doors, Mazzaar's ghost, journeyman GrEE
Lair:2 corrupted
Lair:5 1 runed door, Houdghis's ghost, journeyman OpNe
Depths:3 1 runed door, exclusion: orange crystal statue
Abyss:1 Louise


Innate Abilities, Weirdness & Mutations

You can breathe blasts of fire.
Your fiery red scales are hard. (AC +12)
You cannot fit into any form of body armour.
Your flesh is heat resistant. (rF+)
You are cold-blooded and may be slowed by cold attacks.


Message History

Terrible wounds spread across more of your body!
The ancient lich mumbles some strange words.
The ancient lich flickers and vanishes for a moment.
Casting: Ignition (quite dangerous; 9% risk of failure)
Confirm with . or Enter, or press ? or * to list all spells.
Aiming: Borgnjor's Vile Clutch (safe; 3% risk of failure)
Press: ? - help, Dir - move target cursor, f/p - ancient lich
Aim: an ancient lich (almost destroyed, slightly transparent) Decaying hands burst forth from the earth!
Zombie hands grab the ancient lich.
The zombie hands constrict the ancient lich.
The flayed ghost cries, "Suffer as I suffered!"
Terrible wounds spread across more of your body!
* * * LOW HITPOINT WARNING * * *
The ancient lich points at you and mumbles some strange words.
The lance of force hits you!
* * * LOW HITPOINT WARNING * * *
You are knocked back by the lance of force.
You slam into the stone wall!
You die...

#...# #...+
#..#### #...#
#z..z. #...# #....
#...# #Lz.# #...#
#...# #...# #z..#
#@L.# #...#
#..1#####W#...####
#.....W.Wz........
##################


You could see an ancient lich (invisible), a Tzitzimitl and a flayed ghost.

Vanquished Creatures
  the Royal Jelly (Slime:5)
  An ancient lich (Depths:2)
  2 juggernauts
  Mennas (Crypt:2)
  Vashnia (Snake:4)
  Geryon (Hell)
  8 golden dragons
  A bone dragon (Abyss:3)
  Jory (Vaults:4)
  3 liches
  4 tentacled monstrosities
  6 titans
  17 acid blobs
  2 deep elf blademasters
  3 quicksilver dragons
  3 ancient champions
  An Executioner (Abyss:3)
  3 tentacled starspawn (Abyss:3)
  2 sphinxes
  7 shadow dragons
  13 tengu reavers
  Kirke (Abyss:1)
  8 storm dragons
  12 fire giants
  3 revenants (Crypt:2)
  Roxanne (Snake:2)
  11 azure jellies
  10 frost giants
  8 deep elf sorcerers
  11 nagarajas
  2 orc warlords
  19 vault wardens
  A ghost moth (shapeshifter) (Depths:3)
  2 curse skulls
  A balrug (Abyss:3)
  3 ghost moths (Depths:2)
  An iron dragon (shapeshifter) (Depths:2)
  An iron dragon (Hell)
  A draconian scorcher (Abyss:3)
  11 ghouls
  A draconian shifter (Depths:5)
  3 angels
  4 war gargoyles
  5 deep elf elementalists
  4 reapers (Hell)
  10 ironheart preservers
  24 very ugly things
  22 stone giants
  2 ophanim (Abyss:3)
  The ghost of Ufaz the Grappler, a journeyman TrMo of the Shining One (Lair:4)
  The ghost of Ufaz the Grappler, a journeyman TrMo of the Shining One (Lair:4)
  A vampire knight (Depths:1)
  A green draconian (Depths:5)
  2 lorocyprocas
  10 deep elf annihilators
  2 yellow draconians (Depths:5)
  A red draconian (Depths:5)
  A black draconian (Depths:5)
  6 deep elf demonologists
  A minotaur (shapeshifter) (Depths:2)
  2 white draconians (Depths:5)
  A purple draconian (Depths:5)
  A minotaur (Gauntlet)
  2 eidola
  A dire elephant (shapeshifter) (Vaults:4)
  3 spark wasps
  A green death (Depths:3)
  10 death oozes (Slime:5)
  4 crystal guardians
  9 deep elf death magi
  3 blizzard demons (Hell)
  An ettin (shapeshifter) (Depths:2)
  15 fire dragons
  5 jiangshi
  3 merfolk javelineers (Shoals:4)
  15 ettins
  3 ragged hierophants (Desolation)
  36 vault guards
  7 deep elf high priests
  6 ogre magi
  10 great orbs of eyes
  9 servants of whispers (Desolation)
  9 merfolk impalers
  A hydra (shapeshifter) (Vaults:4)
  9 peacekeepers (Desolation)
  7 rakshasas
  15 ice dragons
  7 yaktaur captains
  3 hell beasts
  An alligator snapping turtle (Shoals:4)
  12 naga warriors
  3 spriggan air magi
  4 merfolk avatars
  2 merfolk aquamancers (Shoals:3)
  3 juggernaut simulacra (Depths:2)
  14 anacondas
  2 catoblepae
  6 deep troll shamans
  31 two-headed ogres
  2 death yaks (IceCv)
  3 satyrs
  10 centaur warriors
  8 tengu warriors
  3 spriggan berserkers
  A hell hog (Abyss:3)
  30 dancing weapons
  4 death knights
  4 deep troll earth magi
  3 orc high priests
  An iron golem (Hell)
  3 vampire magi (Depths:4)
  4 sun demons
  9 naga sharpshooters
  3 spriggans (Depths:5)
  A thrashing horror (Abyss:3)
  16 deep elf knights
  3 soul eaters
  A storm dragon zombie (Hell)
  Nergalle (Orc:1)
  2 wretched stars (Abyss:3)
  9 iron trolls
  13 hell knights
  37 skeletal warriors
  3 fire crabs (shapeshifter)
  3 unseen horrors (shapeshifter)
  A golden dragon zombie (Hell)
  5 shadow wraiths
  21 sea snakes
  A glowing orange brain (shapeshifter) (Depths:2)
  A sea snake (shapeshifter) (Abyss:3)
  A deep troll (shapeshifter) (Depths:2)
  An unseen horror (Vaults:1)
  2 cherubim (Abyss:3)
  A salamander mystic (Snake:2)
  11 deep elf archers
  5 glowing orange brains
  9 flayed ghosts
  5 naga ritualists
  A lindwurm (shapeshifter) (D:14)
  11 deep trolls
  9 starcursed masses (Abyss:1)
  15 orc knights
  15 ironbrand convokers
  5 wizards
  A lindwurm (Lair:6)
  11 necromancers
  61 deep elf magi
  9 phantasmal warriors
  Pikel (D:8)
  A wolf spider zombie (Crypt:2)
  An orc sorcerer (Vaults:4)
  5 harpies (Shoals:2)
  44 ugly things
  2 oklob plants (Lair:3)
  3 shining eyes
  4 wolf spiders
  16 fauns
  20 manticores
  3 salamanders
  A faun (shapeshifter) (Elf:3)
  A shadow dragon skeleton (Abyss:3)
  7 cyclopes
  15 mana vipers
  An iron dragon skeleton (Crypt:2)
  2 frost giant skeletons
  22 black mambas
  19 vault sentinels
  Joseph (D:7)
  7 rust devils
  An ice statue (IceCv)
  8 smoke demons
  10 merfolk sirens
  4 centaur zombies
  6 guardian serpents
  13 naga magi
  An eye of devastation (Slime:5)
  12 spiny frogs
  A dire elephant skeleton (Crypt:2)
  2 gargoyles
  A minotaur zombie (Gauntlet)
  2 molten gargoyles
  5 water nymphs
  An orange demon (Abyss:3)
  2 hellions
  3 rime drakes (shapeshifter)
  An efreet (D:15)
  A torpor snail (shapeshifter) (Vaults:3)
  A purple draconian zombie (Crypt:2)
  4 rime drakes
  7 freezing wraiths
  34 yaktaurs
  5 ice devils
  A demonic crawler (Abyss:3)
  A grey draconian zombie (Crypt:1)
  A kobold demonologist (D:12)
  5 komodo dragons
  A hellwing (Depths:3)
  3 red devils
  3 ancient zymes
  A tengu conjurer (Depths:1)
  15 trolls
  A grey draconian skeleton (Crypt:2)
  A troll (shapeshifter) (Depths:4)
  A queen bee (shapeshifter) (Depths:5)
  38 merfolk
  5 wind drakes
  A hydra zombie (Hell)
  2 wind drakes (shapeshifter)
  A harpy zombie (D:15)
  A meliai (shapeshifter) (D:15)
  8 hornets
  A queen bee (D:8)
  6 snapping turtles
  13 blink frogs
  14 hippogriffs
  89 slime creatures
  3 hydra skeletons (Hell)
  11 polar bears
  4 bog bodies
  54 saltlings (Desolation)
  2 alligator zombies (Hell)
  A jumping spider zombie (Crypt:1)
  A meliai zombie (D:13)
  4 dream sheep (Lair:3)
  3 raiju
  A stone giant simulacrum (Depths:1)
  10 large abominations
  3 ettin zombies
  2 air elementals
  26 flying skulls
  A hippogriff (shapeshifter) (D:15)
  2 shadows
  A dire elephant simulacrum (Abyss:3)
  A redback (Abyss:1)
  An alligator skeleton (Hell)
  14 water elementals
  A tarantella (shapeshifter) (Depths:4)
  A vampire (D:14)
  3 ettin skeletons (Abyss:3)
  7 wyverns
  A yak (shapeshifter) (Vaults:5)
  A ynoxinul (Abyss:3)
  6 wraiths
  6 hogs (Elf:1)
  2 neqoxecs
  50 yaks
  15 vampire mosquitoes
  A black mamba skeleton (Abyss:3)
  8 basilisks
  4 golden eyes
  A chaos spawn (Abyss:3)
  2 steam dragons (Lair:6)
  2 hungry ghosts
  13 fire elementals
  4 wargs
  Menkaure (D:7)
  A naga (shapeshifter) (Vaults:5)
  A warg (shapeshifter) (D:15)
  42 nagas
  3 swamp worms (Gauntlet)
  2 spiny frog zombies (Hell)
  6 acid dragons
  A floating eye (Slime:5)
  A hydra simulacrum (Crypt:2)
  A merfolk skeleton (Crypt:1)
  7 water moccasins
  11 porcupines
  5 hell hounds
  29 orc warriors
  A floating eye (shapeshifter) (Abyss:3)
  A sky beast (D:11)
  A spriggan simulacrum (Depths:3)
  3 black bears (shapeshifter)
  A deep troll skeleton (Crypt:2)
  6 eyes of draining
  7 ice beasts
  5 necrophages
  A phantom (D:14)
  A snapping turtle zombie (Hell)
  An eye of draining (shapeshifter) (Vaults:4)
  3 black bears
  A hornet zombie (D:14)
  36 ogres
  An infernal demonspawn skeleton (Crypt:2)
  8 boggarts
  28 wolves
  11 centaurs
  11 small abominations
  A manticore skeleton (Crypt:2)
  3 elf zombies (Elf:1)
  9 crocodiles
  6 big kobolds
  A wyvern zombie (D:11)
  A cyclops zombie (Crypt:1)
  14 bullfrogs
  A spiny frog simulacrum (Hell)
  5 earth elementals
  A wyvern skeleton (D:11)
  A cyclops skeleton (Crypt:1)
  7 scorpions
  9 wights
  21 killer bees
  2 electric eels
  A yak skeleton (Crypt:1)
  2 howler monkeys (D:4)
  13 crimson imps
  6 lava snakes (Lair:6)
  A bullfrog zombie (D:9)
  10 orc priests
  2 centaur skeletons
  2 jellies
  3 quasits
  2 bullfrog skeletons
  4 hounds
  An iron imp (Hell)
  22 orc wizards
  Terence (D:3)
  5 iguanas
  A human skeleton (Crypt:2)
  10 worker ants
  An acid dragon zombie (Crypt:2)
  A hound zombie (D:6)
  A crocodile skeleton (Crypt:1)
  A mummy (Crypt:3)
  A worker ant zombie (D:9)
  A howler monkey zombie (D:9)
  Robin (D:3)
  4 gnolls (D:2)
  15 adders
  A river rat (Sewer)
  5 shadow imps
  2 white imps (Abyss:3)
  2 ufetubi
  17 oozes
  4 adder skeletons
  7 worms
  A worm (shapeshifter) (Depths:3)
  2 dart slugs
  8 leopard geckos
  92 orcs
  8 bats
  6 giant cockroaches
  11 hobgoblins
  2 jackals (D:2)
  25 kobolds
  4 quokkas
  7 ball pythons
  A ball python zombie (Crypt:2)
  3 frilled lizards
  A gnoll skeleton (Crypt:2)
  18 goblins
  A jackal skeleton (Crypt:1)
  A leopard gecko zombie (Crypt:2)
  16 rats
  A crawling corpse (Elf:3)
  A plant (Shoals:3)
  2 starspawn tentacles (Abyss:3)
2413 creatures vanquished.

Vanquished Creatures (others)
  The ghost of Xeydgheza the Stormcaller, an adept DEAE of Vehumet (Vaults:3)
  2 deep elf master archers
  The ghost of Qigyucag the Bludgeoner, an adept MiBe of Trog (Shoals:1)
  A frost giant (Shoals:4)
  A deep elf sorcerer (Depths:4)
  3 imperial myrmidons (Desolation)
  The ghost of Semoacif the Thaumaturge, a journeyman GnAE of Vehumet (Lair:4)
  2 ettins
  2 merfolk javelineers
  2 ragged hierophants (Desolation)
  A merfolk impaler (Shoals:4)
  A yaktaur captain (Vaults:5)
  7 hydras
  2 merfolk aquamancers (Shoals:1)
  A centaur warrior (D:15)
  A dancing weapon (Abyss:3)
  2 ogre magi (Orc:2)
  2 thrashing horrors (Gauntlet)
  2 naga sharpshooters
  7 shock serpents
  2 deep elf knights (Elf:2)
  A skeletal warrior (Crypt:3)
  A wizard (Gauntlet)
  A deep elf archer (Elf:3)
  An ironbrand convoker (Desolation)
  An orc sorcerer (Orc:1)
  2 fauns (Shoals:3)
  A cyclops (D:15)
  5 guardian serpents
  2 molten gargoyles (Lair:6)
  2 water nymphs
  A minotaur zombie (Gauntlet)
  12 yaktaurs
  3 merfolk
  3 polar bears (IceCv)
  2 small abominations (Gauntlet)
  A water elemental (Elf:2)
  A ynoxinul (Abyss:3)
  A yak (Lair:2)
  A naga (Snake:4)
  A floating eye (Depths:3)
  3 slaves (D:8)
  3 centaurs
  A bullfrog (Lair:2)
  A killer bee (D:8)
  An orc wizard (Vaults:5)
  2 ball lightnings (Lair:4)
  An orc (Vaults:4)
  A bush (Lair:2)
  14 fungi
  15 plants
  8 starspawn tentacles
  6 tentacles (Shoals:1)
  10 toadstools (D:6)
  2 withered plants (Lair:4)
155 creatures vanquished.

Grand Total: 2568 creatures vanquished

Notes
Turn   | Place    | Note
-------+----------+-------------------------------------------
     0 | Abyss:1  | EnegeticOcto the Draconian Abyssal Knight began the quest
                  | for the Orb.
     0 | Abyss:1  | Reached XP level 1. HP: 19/19 MP: 2/2
    15 | D:1      | Escaped the Abyss
   219 | D:1      | Reached XP level 2. HP: 19/26 MP: 3/3
  1585 | D:2      | Reached XP level 3. HP: 26/31 MP: 4/4
  1799 | D:2      | Reached ** piety under Lugonu
  2715 | D:2      | Reached XP level 4. HP: 38/38 MP: 5/5
  3466 | D:3      | Noticed a black bear
  3603 | D:3      | Reached skill level 5 in Long Blades
  3603 | D:3      | Reached XP level 5. HP: 26/46 MP: 6/6
  3856 | D:3      | Found a glowing drain.
  3860 | Sewer    | Entered a sewer
  4024 | Sewer    | Reached skill level 4 in Fighting
  4249 | Sewer    | Reached XP level 6. HP: 52/52 MP: 7/7
  4317 | Sewer    | Reached *** piety under Lugonu
  4815 | D:3      | Noticed Robin
  4830 | D:3      | Killed Robin
  4911 | D:3      | Noticed Terence
  4936 | D:3      | Killed Terence
  5668 | D:4      | Your scales start taking on a fiery red colour.
  5668 | D:4      | Reached XP level 7. HP: 58/60 MP: 8/8
  5668 | D:4      | Gained mutation: Your flesh is heat resistant. (rF+) [Red
                  | Draconian growth]
  5670 | D:4      | Reached skill level 5 in Fighting
  6940 | D:4      | Reached **** piety under Lugonu
  7551 | D:5      | Entered Level 5 of the Dungeon
  7621 | D:5      | Found a shimmering altar of Xom.
  7850 | D:5      | Found a staircase to the Ecumenical Temple.
  8294 | D:5      | Noticed a troll
  8314 | D:5      | Killed a troll
  8314 | D:5      | Reached skill level 6 in Fighting
  8314 | D:5      | Reached XP level 8. HP: 70/70 MP: 9/11
  8837 | D:6      | Reached skill level 5 in Invocations
  9180 | D:6      | Reached skill level 7 in Fighting
  9180 | D:6      | Reached XP level 9. HP: 70/79 MP: 13/13
  9309 | D:6      | Reached ***** piety under Lugonu
  9951 | D:7      | Reached skill level 10 in Long Blades
 10205 | D:7      | Noticed Menkaure
 10225 | D:7      | Killed Menkaure
 10434 | D:7      | Reached skill level 8 in Fighting
 10895 | D:7      | Noticed Joseph
 10921 | D:7      | Killed Joseph
 11115 | D:7      | Reached XP level 10. HP: 60/90 MP: 15/15
 11643 | D:8      | Noticed Pikel
 11658 | D:8      | Killed Pikel
 12288 | D:8      | Reached skill level 9 in Fighting
 12754 | D:8      | Reached skill level 1 in Shields
 13677 | D:9      | Found a staircase to the Lair.
 13736 | D:9      | Found a staircase to the Orcish Mines.
 13737 | D:9      | Noticed a two-headed ogre
 13745 | D:9      | Killed a two-headed ogre
 14258 | D:9      | Reached XP level 11. HP: 95/97 MP: 17/17
 14871 | D:10     | Entered Level 10 of the Dungeon
 15090 | D:10     | Got a pitted flail
 15091 | D:10     | Identified the +9 flail of Midnight {drain, +Fly} (You
                  | found it on level 10 of the Dungeon)
 15269 | D:10     | Found Heotas's Antique Weapon Boutique.
 15522 | Lair:1   | Entered Level 1 of the Lair of Beasts
 15953 | Lair:1   | Found a frozen archway.
 16024 | IceCv    | Entered an ice cave
 16639 | IceCv    | Reached skill level 10 in Fighting
 17274 | IceCv    | Noticed a death yak
 17292 | IceCv    | Killed a death yak
 18095 | IceCv    | Reached skill level 5 in Dodging
 18575 | IceCv    | Noticed a death yak
 18601 | IceCv    | Reached XP level 12. HP: 89/107 MP: 16/19
 18629 | IceCv    | Killed a death yak
 19099 | IceCv    | Noticed a frost giant
 19100 | IceCv    | Banished a frost giant
 19100 | IceCv    | Reached skill level 10 in Invocations
 19910 | Lair:1   | Noticed a four-headed hydra
 19913 | Lair:1   | Banished a four-headed hydra
 20030 | Lair:1   | Noticed a four-headed hydra
 20031 | Lair:1   | Banished a four-headed hydra
 20031 | Lair:1   | Reached skill level 11 in Fighting
 21182 | Lair:2   | Corrupted Lair:2
 21182 | Lair:2   | Noticed a starcursed mass
 21182 | Lair:2   | Noticed a brown very ugly thing
 21182 | Lair:2   | Noticed a tentacled starspawn
 21185 | Lair:2   | Noticed a starcursed mass
 21212 | Lair:2   | Noticed a hell hog
 21958 | Lair:2   | Found a staircase to the Shoals.
 22334 | Lair:3   | Noticed an eight-headed hydra
 22340 | Lair:3   | Banished an eight-headed hydra
 22760 | Lair:3   | Found a staircase to the Snake Pit.
 22909 | Lair:3   | Noticed a five-headed hydra
 22910 | Lair:3   | Banished a five-headed hydra
 23155 | Lair:3   | Reached XP level 13. HP: 78/117 MP: 14/21
 23858 | Lair:4   | Reached skill level 12 in Fighting
 25326 | Lair:4   | Found a runed gate.
 25378 | Lair:4   | Found a runed gate.
 25379 | Lair:4   | Found a runed gate.
 25381 | Lair:4   | Noticed Ufaz's ghost (journeyman TrMo)
 25381 | Lair:4   | Noticed Ufaz's ghost (journeyman TrMo)
 25382 | Lair:4   | Noticed Semoacif's ghost (journeyman GnAE)
 25594 | Lair:5   | Found a gate leading to a gauntlet.
 25656 | Gauntlet | Entered a Gauntlet
 25656 | Gauntlet | Found a transporter.
 25669 | Gauntlet | Found a transporter.
 25676 | Gauntlet | Found a transporter.
 25691 | Gauntlet | Found a transporter.
 25696 | Gauntlet | Found a transporter.
 25717 | Gauntlet | Found a transporter.
 25730 | Gauntlet | Found a transporter.
 25742 | Gauntlet | Found a transporter.
 25754 | Gauntlet | Found a transporter.
 25766 | Gauntlet | Found a transporter.
 25778 | Gauntlet | Found a transporter.
 25798 | Gauntlet | Found a transporter.
 25813 | Gauntlet | Found a transporter.
 25815 | Gauntlet | Found a transporter.
 25842 | Gauntlet | Found a transporter.
 25920 | Gauntlet | Found a transporter.
 25940 | Gauntlet | Found a transporter.
 25944 | Gauntlet | Found a transporter.
 26426 | Gauntlet | Got a bloodstained hat
 26432 | Gauntlet | Identified the cursed -1 hat of New Discoveries {rF- Str+5
                  | Dex+5} (You found it in a Gauntlet)
 26473 | Gauntlet | Identified the +4 double sword of Terror {elec, Str+7}
 26473 | Gauntlet | Noticed a minotaur
 26494 | Gauntlet | Killed a minotaur
 26832 | Gauntlet | Identified the Tome of Dusty Lightness
 27087 | Lair:5   | Found a staircase to the Slime Pits.
 27574 | Lair:5   | Found a runed door.
 27574 | Lair:5   | Noticed Houdghis's ghost (journeyman OpNe)
 27725 | Lair:6   | Entered Level 6 of the Lair of Beasts
 28949 | Lair:6   | Reached skill level 13 in Fighting
 29165 | Lair:6   | Got a twisted buckler
 29185 | Lair:6   | Identified the +0 buckler "Pyzoag" {rN++ Dex+2} (You found
                  | it on level 6 of the Lair of Beasts)
 29821 | Lair:6   | Reached XP level 14. HP: 112/129 MP: 19/23
 30128 | Lair:6   | Found a large runed door.
 30178 | Lair:6   | Found a large runed door.
 30577 | Lair:6   | Identified the Papyrus of the Sinister Compass
 30789 | Lair:4   | Banished Semoacif's ghost
 30858 | Lair:4   | Killed Ufaz's ghost
 30878 | Lair:4   | Killed Ufaz's ghost
 31319 | D:11     | Found a deep blue altar of Sif Muna.
 32011 | D:12     | Found a runed gate.
 32011 | D:12     | Found a runed gate.
 32012 | D:12     | Found a runed gate.
 32014 | D:12     | Noticed Mazzaar's ghost (journeyman GrEE)
 32792 | D:13     | Reached skill level 15 in Long Blades
 33729 | D:13     | Reached skill level 5 in Shields
 33744 | D:13     | Found a glowing silver altar of Zin.
 33901 | D:13     | Found a gate to the Vaults.
 34500 | D:14     | Paralysed by a hornet for 2 turns
 34651 | D:14     | Noticed an orc warlord
 34651 | D:14     | Noticed a storm dragon
 34670 | D:14     | Killed an orc warlord
 34972 | D:14     | Noticed a shadow dragon
 35468 | D:14     | Reached skill level 14 in Fighting
 35473 | D:14     | Reached skill level 10 in Dodging
 36529 | D:14     | Banished a storm dragon
 36863 | D:14     | Got a warped amber ring
 36865 | D:14     | Identified the ring of Elimoirch {rPois rF- rC+ MR+ Stlth+}
                  | (You found it on level 14 of the Dungeon)
 37018 | Orc:1    | Entered Level 1 of the Orcish Mines
 37057 | Orc:1    | Found a radiant altar of Vehumet.
 37113 | Orc:1    | Noticed Nergalle
 37128 | Orc:1    | Killed Nergalle
 37774 | Orc:2    | Entered Level 2 of the Orcish Mines
 37775 | Orc:2    | Found a roughly hewn altar of Beogh.
 37780 | Orc:2    | Reached XP level 15. HP: 138/138 MP: 25/25
 38769 | Orc:2    | Found Arho's Jewellery Boutique.
 38788 | Orc:2    | Found Hantit's Weapon Boutique.
 38790 | Orc:2    | Found Gebariff's Antique Armour Emporium.
 38802 | Orc:2    | Found Wiqoig's Assorted Antiques.
 38859 | Orc:2    | Bought the brooch of Shielding {Reflect SH+8} for 1381 gold
                  | pieces
 38859 | Orc:2    | Found the brooch of Shielding {Reflect SH+8}
 38859 | Orc:2    | Bought the ring of Ecuinav {rPois rC+ rN++ Str-2 Stlth+}
                  | for 588 gold pieces
 39040 | Orc:2    | Found a staircase to the Elven Halls.
 39060 | Orc:2    | Found a burning altar of Makhleb.
 39235 | Orc:2    | Bought a potion of heal wounds for 140 gold pieces
 39235 | Orc:2    | Bought a scroll of fear for 98 gold pieces
 39235 | Orc:2    | Bought a scroll of teleportation for 84 gold pieces
 39359 | Snake:1  | Entered Level 1 of the Snake Pit
 40252 | Snake:1  | Reached skill level 15 in Fighting
 40522 | Snake:1  | Learned a level 1 spell: Apportation
 40524 | Snake:1  | Learned a level 1 spell: Summon Butterflies
 40527 | Snake:1  | Learned a level 2 spell: Swiftness
 41321 | Snake:2  | Identified Roxanne's Handbook of Transmutation
 41321 | Snake:2  | Noticed Roxanne
 41464 | Snake:2  | Noticed a nagaraja
 41473 | Snake:2  | Killed a nagaraja
 41896 | Snake:2  | Killed Roxanne
 42004 | Snake:2  | Reached skill level 15 in Invocations
 42569 | Snake:3  | Reached XP level 16. HP: 122/149 MP: 27/27
 43074 | Snake:4  | Entered Level 4 of the Snake Pit
 43144 | Snake:4  | Noticed Vashnia
 43239 | Snake:4  | Reached skill level 10 in Shields
 43246 | Snake:4  | Killed Vashnia
 43246 | Snake:4  | Reached skill level 16 in Fighting
 43752 | Snake:4  | Found Basoikepp's Jewellery Shop.
 43752 | Snake:4  | Found Quen's Gadget Shoppe.
 43753 | Snake:4  | Found Puebyp's Gadget Shoppe.
 45928 | Snake:4  | Reached XP level 17. HP: 132/160 MP: 29/29
 45945 | Snake:4  | Reached skill level 17 in Fighting
 46620 | Snake:4  | Got a serpentine rune of Zot
 46848 | Shoals:1 | Entered Level 1 of the Shoals
 46905 | Shoals:1 | Noticed Louise
 46907 | Shoals:1 | Banished Louise
 47029 | Shoals:1 | Found a runed gate.
 47029 | Shoals:1 | Found a runed gate.
 47030 | Shoals:1 | Found a runed gate.
 47031 | Shoals:1 | Noticed Qigyucag's ghost (adept MiBe)
 47537 | Shoals:1 | Noticed a kraken
 47985 | Shoals:1 | Banished Qigyucag's ghost
 48064 | Shoals:1 | Got a pair of polished boots
 48075 | Shoals:1 | Identified the +1 pair of boots of Ashenzari's Pride {rElec
                  | Int+2} (You found it on level 1 of the Shoals)
 48722 | Shoals:2 | Found Winnuo's Assorted Antiques.
 51359 | Shoals:4 | Entered Level 4 of the Shoals
 51526 | Shoals:4 | Reached skill level 18 in Fighting
 51543 | Shoals:4 | Identified the Reference Book on Arcane Weapons
 52236 | Shoals:4 | Found Nisyck Tutz's Food Shoppe.
 53367 | Shoals:4 | Reached XP level 18. HP: 145/172 MP: 30/30
 53537 | Shoals:4 | Identified the +9 hunting sling "Beetlebane" {venom, Int+7}
 54301 | Shoals:4 | Learned a level 8 spell: Ignition
 54442 | Shoals:4 | Reached skill level 1 in Fire Magic
 54459 | Shoals:4 | Reached skill level 1 in Spellcasting
 55124 | Shoals:4 | Got a barnacled rune of Zot
 55310 | Elf:1    | Entered Level 1 of the Elven Halls
 55329 | Elf:1    | Found a ruined gateway.
 55482 | Elf:1    | Found a white marble altar of Elyvilon.
 55482 | Elf:1    | Found a glowing golden altar of the Shining One.
 55482 | Elf:1    | Found a glowing silver altar of Zin.
 55539 | Desolati | Entered the Desolation of Salt
 56291 | Desolati | Identified the cursed +0 mace of Exquisite Death {freeze,
                  | rF+ rN+}
 56372 | Desolati | Identified the ring "Muedunao" {rPois Str-4 Int+2 SInv
                  | Stlth+} (You found it in the Desolation of Salt)
 57002 | Desolati | Reached skill level 5 in Fire Magic
 57419 | Desolati | Learned a level 2 spell: Passwall
 57421 | Desolati | Got a brightly glowing bronze amulet
 57632 | Desolati | Identified the Handbook of Unstable Contamination
 57644 | Desolati | Got an ancient wooden ring
 57646 | Desolati | Identified the ring "Kodyst" {Wiz Dex+4} (You found it in
                  | the Desolation of Salt)
 57653 | Desolati | Got a glittering golden amulet
 57892 | Elf:1    | Identified the Incunabulum of Unholy Rituals
 58367 | Elf:1    | Noticed Kirke
 58383 | Elf:1    | Reached XP level 19. HP: 181/181 MP: 32/32
 58385 | Elf:1    | Banished Kirke
 58801 | Elf:1    | Learned a level 4 spell: Passage of Golubria
 58804 | Elf:1    | Learned a level 2 spell: Sticks to Snakes
 58807 | Elf:1    | Learned a level 2 spell: Blink
 58917 | Elf:2    | Reached skill level 19 in Fighting
 58983 | Elf:2    | Reached skill level 5 in Spellcasting
 59333 | Elf:2    | Found a runed gate.
 59333 | Elf:2    | Found a runed gate.
 59334 | Elf:2    | Identified the amulet "Esai" {Gourm rN+} (You found it in
                  | the Desolation of Salt)
 59782 | Elf:2    | Found a runed gate.
 61309 | Elf:3    | Entered Level 3 of the Elven Halls
 62490 | Vaults:1 | Entered Level 1 of the Vaults
 63019 | Vaults:1 | Identified the amulet "Ravutt" {Inacc +Fly rPois Dex+2}
                  | (You found it in the Desolation of Salt)
 64371 | Vaults:1 | Reached ****** piety under Lugonu
 64390 | Vaults:1 | Reached skill level 15 in Shields
 64397 | Vaults:1 | Cast into level 2 of the Abyss (a wizard)
 64447 | Abyss:2  | Found a corrupted altar of Lugonu.
 64450 | Vaults:1 | Escaped the Abyss
 65443 | Snake:4  | Bought the ring "Qeklei" {Wiz rF+ rC+ MR+ Slay+3} for 1176
                  | gold pieces
 65800 | Vaults:2 | Reached XP level 20. HP: 192/192 MP: 33/33
 66598 | Vaults:2 | Reached skill level 10 in Fire Magic
 67746 | Vaults:3 | Reached skill level 20 in Fighting
 68050 | Vaults:3 | You fall through a shaft!
 68392 | Vaults:3 | Found Pesoraiv's Distillery.
 68400 | Vaults:3 | Bought a potion of heal wounds for 110 gold pieces
 68483 | Vaults:3 | Found a runed gate.
 68483 | Vaults:3 | Found a runed gate.
 68484 | Vaults:3 | Found a runed gate.
 68484 | Vaults:3 | Noticed Xeydgheza's ghost (adept DEAE)
 68485 | Vaults:3 | Identified the cursed +1 glaive "Uhuugana" {freeze,
                  | *Corrode rElec rN+++ Str-2}
 68485 | Vaults:3 | Identified the +7 chain mail "Jaumomp" {rPois rC- Dex+2
                  | Stlth+}
 69296 | Vaults:3 | Found a staircase to the Crypt.
 69503 | Vaults:3 | Found a roughly hewn altar of Beogh.
 69852 | Vaults:3 | Banished Xeydgheza's ghost
 71443 | Vaults:4 | Reached XP level 21. HP: 194/202 MP: 34/34
 71483 | Vaults:4 | Noticed Jory
 71493 | Vaults:4 | Killed Jory
 71916 | Vaults:4 | Found Xidgh's Food Shop.
 73374 | D:15     | Entered Level 15 of the Dungeon
 73631 | D:15     | Reached skill level 1 in Translocations
 73747 | D:15     | Found Irphuuxzar's Distillery.
 73750 | D:15     | Bought a potion of heal wounds for 70 gold pieces
 73786 | D:15     | Reached skill level 21 in Fighting
 74182 | D:15     | Found a staircase to the Depths.
 74702 | Depths:1 | Entered Level 1 of the Depths
 75662 | Depths:1 | Found a gateway to Hell.
 76107 | Depths:1 | Found an ornate altar of the Wu Jian Council.
 77364 | Depths:2 | Reached XP level 22. HP: 207/213 MP: 35/35
 77439 | Depths:2 | Reached skill level 10 in Spellcasting
 77859 | Depths:2 | You fall through a shaft!
 78288 | Depths:2 | Reached skill level 5 in Translocations
 78356 | Depths:2 | Noticed an ancient lich
 78360 | Depths:2 | Killed an ancient lich
 79021 | Depths:2 | Identified the Reference Book on Sinister Secrets and
                  | Changing
 79122 | Depths:2 | Noticed a golden dragon
 79148 | Depths:2 | Killed a golden dragon
 79520 | Depths:2 | Learned a level 5 spell: Borgnjor's Vile Clutch
 79804 | Depths:2 | Reached skill level 1 in Necromancy
 79810 | Depths:2 | Reached skill level 1 in Earth Magic
 79916 | Depths:3 | Found a one-way gate leading to the halls of Pandemonium.
 80021 | Depths:3 | Noticed a golden dragon
 80427 | Depths:2 | Killed a golden dragon
 80752 | Depths:3 | Reached skill level 15 in Fire Magic
 81163 | Depths:3 | Found a runed door.
 81509 | Depths:3 | Got a pitted granite ring
 81510 | Depths:3 | Identified the ring of Makhleb's Envy {rElec Str+4 Stlth+}
                  | (You found it on level 3 of the Depths)
 81514 | Depths:3 | Got a warped silver ring
 81515 | Depths:3 | Identified the ring "Viudute" {rElec rN+++ MP+9 Dex-2 SInv}
                  | (You found it on level 3 of the Depths)
 81522 | Depths:3 | Got an ancient platinum ring
 81523 | Depths:3 | Identified the ring of Generosity {rC+ MR+} (You found it
                  | on level 3 of the Depths)
 81527 | Depths:3 | Got a shimmering granite ring
 81528 | Depths:3 | Identified the ring of the Peculiar Souls {MP+9 SInv} (You
                  | found it on level 3 of the Depths)
 81603 | Depths:4 | Found a gateway to a ziggurat.
 81604 | Depths:4 | Found a one-way gate to the infinite horrors of the Abyss.
 81622 | Depths:4 | Reached skill level 15 in Dodging
 82464 | Depths:4 | Reached XP level 23. HP: 207/222 MP: 37/37
 82946 | Depths:4 | Reached skill level 5 in Necromancy
 82946 | Depths:4 | Reached skill level 5 in Earth Magic
 83822 | Depths:4 | Reached skill level 22 in Fighting
 84941 | Depths:5 | Entered Level 5 of the Depths
 85384 | Depths:5 | Noticed a juggernaut
 85407 | Depths:5 | Killed a juggernaut
 85614 | Depths:5 | Found a gate to the Realm of Zot.
 86059 | Depths:4 | Voluntarily entered the Abyss.
 86205 | Abyss:1  | Killed Kirke
 86221 | Abyss:1  | Paralysed by accursed screaming for 1 turns
 86403 | Abyss:3  | Learned a level 3 spell: Regeneration
 86489 | Abyss:3  | Reached XP level 24. HP: 227/233 MP: 35/38
 87204 | Abyss:3  | Found a glowing golden altar of the Shining One.
 87251 | Abyss:3  | Identified the +2 buckler "Sehul" {rElec Str+3}
 87258 | Abyss:3  | Noticed a juggernaut
 87277 | Abyss:3  | Killed a juggernaut
 87282 | Abyss:3  | Got an abyssal rune of Zot
 87292 | Depths:4 | Escaped the Abyss
 87885 | Vaults:5 | Entered Level 5 of the Vaults
 88691 | Vaults:4 | Reached skill level 23 in Fighting
 91025 | Vaults:4 | Reached XP level 25. HP: 203/243 MP: 31/40
 91040 | Vaults:4 | Learned a level 2 spell: Sublimation of Blood
 91044 | Vaults:4 | Learned a level 3 spell: Lesser Beckoning
 91372 | Vaults:4 | Reached skill level 1 in Transmutations
 91693 | Vaults:5 | Found Apraj's Book Shoppe.
 91928 | Vaults:5 | Found the +3 sling "Punk" {acid, rCorr}
 91941 | Vaults:5 | Got a silver rune of Zot
 92349 | Vaults:5 | Identified the +6 scale mail "Ceisuthe" {rF- MR- Int+9}
 92402 | Vaults:5 | Learned a level 4 spell: Summon Lightning Spire
 92550 | Vaults:5 | Reached skill level 1 in Summonings
 92586 | Vaults:5 | Reached skill level 1 in Air Magic
 93926 | Elf:3    | Identified the +11 dire flail of Chaos {crush, Dex+5
                  | Stlth+}
 93930 | Elf:3    | Identified the cursed +1 crystal plate armour of the Seven
                  | Cities {rC+ MR+ rCorr Str+3}
 93930 | Elf:3    | Identified the amulet "Xauly" {rN++ Regen+}
 94223 | Elf:3    | Found the +5 robe of Night {Dark MR+ SInv}
 94234 | Elf:3    | Identified the Incunabulum of Nocuous Air
 94240 | Elf:3    | Identified the Papyrus of Dark Arcane Weapons
 94248 | Elf:3    | Identified the +1 buckler of a bazaar {rElec Int+9 Dex-2
                  | Stlth-} (You found it on level 3 of the Elven Halls)
 94390 | Elf:3    | Identified a scroll of acquirement
 94411 | Elf:3    | Identified the ring "Usutraim" {rCorr Dex+5 Stlth+} (You
                  | found it on level 3 of the Elven Halls)
 94433 | Elf:3    | Identified the ring of Bopiq {Dex+4 Stlth-} (You found it
                  | on level 3 of the Elven Halls)
 94442 | Elf:3    | Identified the cursed +2 rapier of Giqabiraje {protect,
                  | rPois rC+ MR-} (You found it on level 3 of the Elven Halls)
 94455 | Elf:3    | Identified the +0 pair of gloves "Figrollo" {rF+ Str+4}
                  | (You acquired it on level 3 of the Elven Halls)
 95649 | Slime:1  | Entered Level 1 of the Pits of Slime
 96039 | Slime:5  | Entered Level 5 of the Pits of Slime
 96877 | Slime:5  | Noticed the Royal Jelly
 96886 | Slime:5  | Killed the Royal Jelly
 96886 | Slime:5  | Reached skill level 5 in Summonings
 96886 | Slime:5  | Reached skill level 5 in Air Magic
 97106 | Slime:5  | Found the +3 Elemental Staff {rElec rF++ rC++ MR++ AC+5}
 97117 | Slime:5  | Paralysed by a floating eye for 2 turns
 97128 | Slime:5  | Reached XP level 26. HP: 231/254 MP: 27/41
 97221 | Slime:5  | Got a slimy rune of Zot
 97224 | Slime:5  | Got a transparent ivory ring
 97227 | Slime:5  | Identified the ring "Anakha" {rN+ Str+2} (You found it on
                  | level 5 of the Pits of Slime)
 97299 | Slime:5  | Learned a level 9 spell: Fire Storm
 97680 | Hell     | Entered the Vestibule of Hell
 97699 | Hell     | Noticed Geryon
 97764 | Hell     | Killed Geryon
 98254 | Hell     | Reached skill level 24 in Fighting
 98289 | Hell     | Found a gateway to the freezing wastes of Cocytus.
 98503 | Hell     | Found a gateway to the decaying netherworld of Tartarus.
 98690 | Hell     | Found a gateway to the ashen valley of Gehenna.
 99029 | Hell     | Found a gateway to the Iron City of Dis.
 99466 | Crypt:1  | Entered Level 1 of the Crypt
101087 | Crypt:2  | Noticed Mennas
101103 | Crypt:2  | Killed Mennas
103162 | Crypt:3  | Entered Level 3 of the Crypt
103172 | Crypt:3  | Noticed an ancient lich
103214 | Crypt:3  | Reached skill level 25 in Fighting
103219 | Crypt:3  | HP: 3/258 [ancient lich/lance of force (59)]
103219 | Crypt:3  | Collided with a stone wall

Vault maps used:
D:1:      roderic_octagonal_star
D:2:      first_ration, minmay_snake_closets
D:3:      minmay_general_purpose_star, gup_sewer_entry_spiral, uniq_terence,
          uniq_robin
D:4:      serial_corexii_hall, chequers_hall_statues_y, chequers_hall_statues_y,
          grunt_ministairs_3
D:5:      lemuel_crystal_altar, minmay_temple_entry_fiery
D:6:      cheibrodos_fertilizer
D:7:      uniq_menkaure, uniq_joseph
D:8:      david_nohive_1, uniq_pikel
D:9:      due_lair_maze_entry_diamond
D:10:     serial_shops, shop_statue
D:11:     basic_altar
D:12:     gammafunk_ghost_spectres
D:13:     david_vaults_1, basic_altar, st_stairs_7
D:14:     wad_river_or_something, hangedman_decor_peaks_small,
          minmay_diamond_spiral
D:15:     gammafunk_enter_depths_forms, serial_shops, nicolae_shop_behind_doors
Lair:1:   portal_ice_cave_demonic_guard, chequers_serial_rivers_micro_c,
          lemuel_fruit_tree, grunt_megastairs_4
Lair:2:   minmay_shoals_entry_lonely_mermaid, infiniplex_staircase_pool_2
Lair:3:   wander_river, dummy_snake_entry, serial_bayou_lake_a,
          minmay_lair_oklob_chamber
Lair:4:   gammafunk_ghost_cemetery, kilobyte_rumbling_trees
Lair:5:   nicolae_slime_entry_slimehenge, gauntlet_entry_generic,
          ebering_ghost_inner_flame
Lair:6:   cheibrodos_lair_end_hotspot, minivault_24
Shoals:1: gammafunk_ghost_tricky_traps, uniq_louise
Shoals:2: serial_shops, nicolae_shop_crystal
Shoals:4: shoals_end_grunt_ice, serial_shops, shop, nicolae_shoals_hunting_party
Snake:2:  st_stairs_7, uniq_roxanne
Snake:3:  abandoned_shop, serial_bayou_pond_a, nicolae_snake_double_loop
Snake:4:  grunt_snake_rune_pools, spider_trap, serial_bayou_pond_a,
          minmay_shop_grove, uniq_vashnia
Slime:4:  cheibrodos_slime_lost_civilization_7
Orc:1:    basic_altar, uniq_nergalle
Orc:2:    st_orc_open, basic_altar, bloody_makhleb
Elf:1:    eino_elf_arrival_shootout, portal_desolation_entry_holy_temple,
          minmay_elf_necromancy, uniq_kirke
Elf:3:    minmay_elf_hall_spiked, serial_sigils_hangedman_shear,
          hangedman_elven_pyramids
Vaults:1: nicolae_vaults_little_squares_2, ontoclasm_vaults_tryst, v_rooms_4,
          hangedman_vaults_maws, dpeg_vaults_monster_box,
          nicolae_vaults_diagonal_hallway_6, v_misc_24,
          nicolae_vaults_shelves_hall
Vaults:2: hangedman_vaults_nodes, v_pattern_1, hangedman_vaults_capsules,
          ontoclasm_vaults_spin, vaults_room_hallway, hangedman_vaults_snaps,
          nicolae_vaults_shelves_hall, ontoclasm_vaults_pinch
Vaults:3: biasface_vaults_ghost_orc_armoury, nicolae_vaults_inception_statues,
          v_misc_15, ontoclasm_vaults_twist, nicolae_vaults_theta,
          ontoclasm_vaults_chip, blue_anna_dwarven_crypt, v_pattern_5,
          serial_shops, shop
Vaults:4: v_misc_32, vaults_room_corners, nicolae_vaults_hallways_thing,
          v_misc_25, v_rooms_1, nicolae_vaults_little_ls,
          nicolae_vaults_stairing_the_circle, v_misc_26,
          ontoclasm_vaults_gateway, vaults_room_ringed_pool, v_misc_28,
          serial_shops, nicolae_shop_statue_plus, uniq_jory
Vaults:5: serial_shops
Crypt:1:  grunt_crypt_arrival_split
Crypt:2:  roderic_lattice_octagonal_star, uniq_mennas
Crypt:3:  church_of_pain_bobbens,
          nicolae_tomb_entry_unfolded_pyramid_orthogonal, uniq_boris
Depths:1: hell_entry, serial_sigils_hangedman_confine, corexii_hall_statues_u,
          spider_trap, lemuel_statue_altar, serial_bayou_shore_b,
          serial_bayou_shore_b, grunt_megastairs_5
Depths:2: hangedman_crystal_crosses_colossus, hell_entry
Depths:3: minmay_the_grid_triangle_9x9_rhombus_thin, grunt_mini_vestibule,
          rand_demon_pan_entry_1, minmay_crystal_box
Depths:4: hangedman_grunt_twisty_little_passages, enter_ziggurat_d,
          minmay_stone_trees_small, pf_coc_iceberg, abyss_entry, minivault_16,
          serial_bayou_crossing
Depths:5: grunt_twist_and_shout, hell_entry
Abyss:1:  hangedman_stitches_earthworm
Abyss:2:  evilmike_abyss_exit_kraken, guppyfry_abyss_exit_imp_island
Abyss:3:  minivault_20, evilmike_abyss_rune_elephants_shrine
Sewer:    sewer_co_tree
IceCv:    ice_cave_caverns_01
Gauntlet: gammafunk_gauntlet_one_two_three

Skill      XL: |  1  2  3  4  5  6  7  8  9 10 11 12 13 14 15 16 17 18 19 20 21 22 23 24 25 26 |
---------------+-------------------------------------------------------------------------------+-----
Long Blades    | 3 4 5 6 8 9 10 12 13 14 15 16 | 16.0
Fighting       | 4 6 7 8 9 10 11 13 14 15 16 18 19 20 21 22 23 25 | 25.0
Invocations    | 4 5 7 8 9 11 12 13 15 16 17 18 | 18.0
Shields        | 2 4 6 9 11 13 14 15 | 15.0
Dodging        | 3 5 7 9 10 12 13 14 15 16 17 18 | 18.8
Fire Magic     | 6 9 12 13 15 16 18 | 18.3
Spellcasting   | 4 7 8 9 10 11 13 14 | 14.0
Translocations | 4 7 |  7.0
Necromancy     | 4 6 8 |  8.0
Earth Magic    | 4 6 7 |  7.0
Transmutations | 4 |  4.0
Summonings     | 5 6 |  6.0
Air Magic      | 5 6 |  6.0

Action                   |  1- 3 |  4- 6 |  7- 9 | 10-12 | 13-15 | 16-18 | 19-21 | 22-24 | 25-27 || total
-------------------------+-------+-------+-------+-------+-------+-------+-------+-------+-------++-------
Melee: Falchion          |   123 |   258 |   313 |   946 |   148 |       |       |       |       ||  1788
       Tailslap          |    17 |    42 |    48 |   169 |   245 |   375 |   550 |   452 |   312 ||  2210
       Short sword       |       |    36 |    36 |       |       |       |       |       |       ||    72
       Double sword      |       |       |       |       |  1061 |  1800 |  2322 |  1940 |  1197 ||  8320
       Staff             |       |       |       |       |       |       |       |       |     5 ||     5
 Fire: Blowgun           |       |       |    36 |     8 |     6 |       |       |       |       ||    50
Throw: Stone             |    51 |    17 |    15 |    86 |    47 |    78 |       |       |       ||   294
       Javelin           |       |     7 |       |       |       |       |       |       |       ||     7
       Throwing net      |       |       |       |       |       |       |     1 |       |       ||     1
 Cast: Passage of Golubr |       |       |       |       |       |       |       |     1 |       ||     1
       Borgnjor's Vile C |       |       |       |       |       |       |       |    60 |    86 ||   146
       Regeneration      |       |       |       |       |       |       |       |    12 |       ||    12
       Apportation       |       |       |       |       |       |       |       |     2 |       ||     2
       Ignition          |       |       |       |       |       |       |       |       |     7 ||     7
       Lesser Beckoning  |       |       |       |       |       |       |       |       |     8 ||     8
       Summon Lightning  |       |       |       |       |       |       |       |       |     3 ||     3
Invok: Bend Space        |       |       |       |     3 |     1 |     1 |     2 |       |     1 ||     8
       Banish            |       |       |       |     9 |    41 |    44 |     5 |     4 |     1 ||   104
       Corrupt           |       |       |       |     1 |       |       |       |       |       ||     1
       Depart the Abyss  |       |       |       |       |       |       |       |     1 |       ||     1
 Abil: Breathe Fire      |       |       |    22 |    41 |    17 |     9 |     6 |       |     1 ||    96
Evoke: Wand              |       |       |       |     1 |     8 |     3 |     1 |       |       ||    13
       Phial of floods   |       |       |       |       |       |       |     1 |       |       ||     1
  Use: Scroll            |     6 |     5 |     4 |     9 |     5 |    14 |    19 |    10 |    15 ||    87
       Potion            |       |       |       |       |     4 |     5 |       |     1 |     5 ||    15
 Stab: Sleeping          |       |     2 |       |     1 |     6 |    10 |     5 |     9 |     7 ||    40
       Distracted        |       |       |       |     1 |     1 |     5 |     5 |       |       ||    12
       Paralysed         |       |       |       |       |     4 |       |       |       |       ||     4
       Held in net/web   |       |       |       |       |       |       |     4 |       |       ||     4
  Eat: Chunk             |     6 |    10 |    18 |    43 |    37 |    43 |    45 |    37 |    14 ||   253
       Ration            |       |       |     1 |     2 |    12 |     7 |     6 |     7 |    14 ||    49
Armor: Skin              |    30 |    58 |   124 |   172 |   149 |   150 |   214 |   265 |   141 ||  1303
Dodge: Dodged            |   111 |   165 |   256 |   476 |   631 |   719 |   717 |   884 |   519 ||  4478
Block: Buckler           |       |       |     3 |   180 |    73 |       |       |       |       ||   256
       Shield            |       |       |       |       |   523 |  1671 |  1908 |  2067 |  1269 ||  7438
       Reflection        |       |       |       |       |    18 |   160 |   115 |   102 |    50 ||   445
       Rpst.: Falchion   |    38 |    43 |    56 |   137 |    25 |       |       |       |       ||   299
       Double sword      |       |       |       |       |   126 |   126 |   136 |   131 |    64 ||   583

Table legend:
 A = Non-vault XP
 B = Vault XP
 C = Vault XP percentage of total XP
 D = Non-vault monster count
 E = Vault monster count
 F = Vault count percentage of total count
                 A         B        C        D         E       F
            +---------+---------+-------+---------+---------+-------
      Total |  643805 |  802832 |  55.5 |    1435 |    1050 |  42.3
            +---------+---------+-------+---------+---------+-------
        D:1 |      40 |       0 |   0.0 |      22 |       0 |   0.0
        D:2 |     256 |      57 |  18.2 |      32 |       8 |  20.0
        D:3 |      25 |      98 |  79.7 |      14 |      20 |  58.8
        D:4 |     365 |      55 |  13.1 |      19 |       4 |  17.4
        D:5 |     915 |       0 |   0.0 |      24 |       0 |   0.0
        D:6 |     626 |    1021 |  62.0 |      13 |      18 |  58.1
        D:7 |    1311 |     631 |  32.5 |      20 |       2 |   9.1
        D:8 |     928 |    2177 |  70.1 |      14 |      20 |  58.8
        D:9 |    1745 |    1061 |  37.8 |      13 |       8 |  38.1
       D:10 |     336 |       0 |   0.0 |       6 |       0 |   0.0
       D:11 |    2319 |       0 |   0.0 |      19 |       0 |   0.0
       D:12 |    3529 |     623 |  15.0 |      28 |       1 |   3.4
       D:13 |    9932 |    1407 |  12.4 |      20 |       4 |  16.7
       D:14 |    7960 |    6555 |  45.2 |      29 |      13 |  31.0
       D:15 |   21071 |    3820 |  15.3 |      68 |       7 |   9.3
     Lair:1 |    3777 |    1006 |  21.0 |      16 |       4 |  20.0
     Lair:2 |    2965 |     442 |  13.0 |      15 |       1 |   6.2
     Lair:3 |    4316 |    1548 |  26.4 |      15 |       4 |  21.1
     Lair:4 |    2383 |    4381 |  64.8 |      11 |      10 |  47.6
     Lair:5 |    4042 |      64 |   1.6 |      17 |       4 |  19.0
     Lair:6 |    9739 |    7595 |  43.8 |      38 |      29 |  43.3
   Shoals:1 |   12076 |    5363 |  30.8 |      26 |      10 |  27.8
   Shoals:2 |   15970 |       0 |   0.0 |      32 |       0 |   0.0
   Shoals:3 |   16691 |       0 |   0.0 |      33 |       0 |   0.0
   Shoals:4 |   15353 |   22141 |  59.1 |      29 |      40 |  58.0
    Snake:1 |   10898 |       0 |   0.0 |      19 |       0 |   0.0
    Snake:2 |   14336 |    2611 |  15.4 |      28 |       2 |   6.7
    Snake:3 |   13026 |       0 |   0.0 |      24 |       0 |   0.0
    Snake:4 |   13031 |   51373 |  79.8 |      30 |      62 |  67.4
    Slime:2 |    3670 |       0 |   0.0 |       6 |       0 |   0.0
    Slime:3 |    5698 |       0 |   0.0 |       8 |       0 |   0.0
    Slime:4 |   12278 |       0 |   0.0 |      20 |       0 |   0.0
    Slime:5 |   12559 |   29697 |  70.3 |      19 |      13 |  40.6
      Orc:1 |    4133 |    5945 |  59.0 |      53 |      15 |  22.1
      Orc:2 |    1038 |    9591 |  90.2 |      19 |      23 |  54.8
      Elf:1 |   12217 |    9704 |  44.3 |      18 |      19 |  51.4
      Elf:2 |   18131 |   21804 |  54.6 |      35 |      26 |  42.6
      Elf:3 |   20911 |   44674 |  68.1 |      33 |      32 |  49.2
   Vaults:1 |   29417 |    3706 |  11.2 |      53 |       8 |  13.1
   Vaults:2 |   21666 |   22504 |  50.9 |      50 |      27 |  35.1
   Vaults:3 |   27963 |   19865 |  41.5 |      40 |      27 |  40.3
   Vaults:4 |   48270 |  117119 |  70.8 |      65 |     101 |  60.8
   Vaults:5 |   17470 |   45143 |  72.1 |      27 |      31 |  53.4
    Crypt:1 |   25220 |       0 |   0.0 |      40 |       0 |   0.0
    Crypt:2 |   46820 |    7569 |  13.9 |      71 |       1 |   1.4
    Crypt:3 |    3595 |      18 |   0.5 |       3 |       1 |  25.0
   Depths:1 |   30350 |    6733 |  18.2 |      39 |      14 |  26.4
   Depths:2 |    6852 |   96169 |  93.3 |      10 |      60 |  85.7
   Depths:3 |    6842 |   20297 |  74.8 |       8 |      28 |  77.8
   Depths:4 |   30117 |   85271 |  73.9 |      40 |      72 |  64.3
   Depths:5 |   18122 |   20044 |  52.5 |      15 |      13 |  46.4
       Hell |    6287 |   34697 |  84.7 |       5 |      59 |  92.2
    Abyss:1 |    4143 |    4333 |  51.1 |      17 |       4 |  19.0
    Abyss:3 |   40075 |   19769 |  33.0 |      67 |      14 |  17.3
      Sewer |       0 |     249 | 100.0 |       0 |      28 | 100.0
      IceCv |       0 |   12623 | 100.0 |       0 |      55 | 100.0
 Desolation |       0 |   47492 | 100.0 |       0 |      95 | 100.0
   Gauntlet |       0 |    3787 | 100.0 |       0 |      13 | 100.0
            +---------+---------+-------+---------+---------+-------
